 Dungeon Crawl Stone Soup version 0.18-b1-2-gd0c887e (webtiles) character file.

104 Alarkh the Sneak (level 4, 0/30 HPs)
             Began as a Vampire Enchanter on Apr 28, 2016.
             Was an Initiate of Gozag.
             Slain by an orc
             ... wielding a +0 flail
              (6 damage)
             ... on level 3 of the Dungeon.
             The game lasted 00:02:56 (1348 turns).

Alarkh the Sneak (Vampire Enchanter)                Turns: 1348, Time: 00:02:57

Health: 0/30       AC:  3    Str:  8    XL:     4   Next: 52%
Magic:  0/8        EV: 12    Int: 17    God:    Gozag
Gold:   165        SH:  0    Dex: 14    Spells: 2 memorised, 5 levels left

rFire  . . .     SeeInvis +     h - +2 dagger (venom)
rCold  + . .     Gourm    .     b - +1 robe
rNeg   + + .     Faith    .     (no shield)
rPois  +         Spirit   .     (no helmet)
rElec  .         Dismiss  .     (no cloak)
rCorr  .         Reflect  .     (no gloves)
SustAt .         Harm     .     (no boots)
MR     .....                    (no amulet)
Stlth  +++.......               (no ring)
                                (no ring)

@: gold aura, very slightly contaminated, regenerating slowly, not resistant to
hostile enchantments, fairly stealthy
A: fangs 3, see invisible, unbreathing
a: Bat Form, Potion Petition, Call Merchant, Bribe Branch, Renounce Religion


You were on level 3 of the Dungeon.
You worshipped Gozag.
Gozag was noncommittal.
You were very thirsty.

You visited 1 branch of the dungeon, and saw 3 of its levels.

You collected 180 gold pieces.
You paid 15 gold pieces to Gozag.

Inventory:

Hand Weapons
 a - a +1 dagger
 h - a +2 dagger of venom (weapon)
 n - a +0 long sword
Missiles
 j - 39 poisoned needles
Armour
 b - a +1 robe (worn)
Scrolls
 e - a scroll of fear {unknown}
 i - a scroll of noise {unknown}
 k - a scroll of identify {unknown}
 m - a scroll of teleportation {unknown}
 o - 4 scrolls of fog {unknown}
Potions
 d - a potion of blood
 f - a potion of agility {unknown}
 g - a potion of haste {unknown}
 l - a potion of curing {unknown}
 p - a potion of resistance {unknown}
 q - a potion of heal wounds {unknown}
Books
 c - a book of Maledictions

   Spells                             Type                      Level
   a - Corona                         Hexes                        1
   b - Ensorcelled Hibernation        Hexes/Ice                    2
   c - Confuse                        Hexes                        3
   d - Tukima's Dance                 Hexes                        3
   e - Dazzling Spray                 Conjuration/Hexes            3


   Skills:
 * Level 3.3 Short Blades
 - Level 2.1 Dodging
 + Level 5.1 Stealth
 + Level 2.7 Spellcasting
 + Level 5.1 Hexes


You had 5 spell levels left.
You knew the following spells:

 Your Spells              Type           Power        Failure   Level  Hunger
a - Ensorcelled Hibernat  Hex/Ice        ##....       12%         2    ##.....
b - Corona                Hex            ###....      2%          1    #......


Dungeon Overview and Level Annotations

Branches:
Dungeon (3/15)

Altars:
Gozag


Innate Abilities, Weirdness & Mutations

You heal slowly.
You have razor-sharp teeth.
You have supernaturally acute eyesight.
You can survive without breathing.


Message History

The orc wizard looks even sicker.
The orc wizard barely misses you. The orc misses you.
You hit the orc wizard but do no damage.
The orc wizard is lightly wounded.
The orc wizard hits you with a dagger.
You hit the orc wizard but do no damage.
The orc wizard is lightly wounded.
The orc wizard hits you but does no damage.
The orc hits you with a flail.
Casting: Ensorcelled Hibernation
Confirm with . or Enter, or press ? or * to list all spells.
Aiming: Ensorcelled Hibernation
Press: ? - help, Shift-Dir - straight line, f - orc
Aim: an orc, wielding a flail and wearing a leather armour (chance to defeat MR: 79%)
You miscast Ensorcelled Hibernation.
A chill runs through your body. The orc wizard hits you with a dagger.
* * * LOW HITPOINT WARNING * * *
The orc hits you with a flail.
You die...
Your body crumbles into a pile of gold.

.....##### ### ##
##.##....#####.###.#
##..####..(####..##...#.#.#
.........#..((......##.##.#
.####..###..####...#(###.#
#........#........##.## #.#
#...####...####...#.## #.#
.## ##o## #..##.######.#
#.$@# ####.#....)..#
#.##o##.# #########.#
#...g..o# #.#
....#..8..#....# #.#
..#..#...#oo ... #.#
..#...8...#o. . #.# #
.##...##. ## #[# #. ##.##
#. #.# ## #.# ## ######..


You could see an orc wizard, an orc and a hobgoblin (wandering).

Vanquished Creatures
  An orc priest (D:3)
  An adder (D:3)
  A worm (D:2)
  A dart slug (D:1)
  2 giant geckos
  2 orcs (D:3)
  3 ball pythons (D:1)
  7 bats
  4 giant cockroaches
  8 goblins
  2 hobgoblins
  3 jackals (D:3)
  A quokka (D:3)
  5 giant newts
  6 kobolds
  10 rats
57 creatures vanquished.

Notes
Turn   | Place    | Note
--------------------------------------------------------------
     0 | D:1      | Alarkh the Vampire Enchanter began the quest for the Orb.
     0 | D:1      | Reached XP level 1. HP: 13/13 MP: 3/3
   173 | D:1      | Reached XP level 2. HP: 11/19 MP: 3/5
   178 | D:1      | Learned a level 2 spell: Ensorcelled Hibernation
   599 | D:1      | Reached XP level 3. HP: 14/24 MP: 1/6
  1050 | D:2      | Found an opulent altar of Gozag.
  1062 | D:2      | Became a worshipper of Gozag Ym Sagoz the Greedy
  1288 | D:3      | Reached XP level 4. HP: 25/30 MP: 7/7
  1340 | D:3      | Reached skill level 5 in Stealth
  1340 | D:3      | Reached skill level 5 in Hexes
  1348 | D:3      | Slain by an orc

Skill      XL: |  1  2  3  4 |
---------------+-------------+-----
Short Blades   | 2 3 |  3.3
Stealth        | 5 |  5.1
Hexes          | 5 |  5.1
Dodging        | |  2.1
Spellcasting   | |  2.7

Action                   |  1- 3 |  4- 6 || total
-------------------------+-------+-------++-------
Melee: Dagger            |   115 |    14 ||   129
       Bite              |     3 |       ||     3
 Cast: Corona            |     1 |       ||     1
       Ensorcelled Hiber |    14 |     3 ||    17
 Stab: Sleeping          |    20 |     4 ||    24
Armor: Robe              |    31 |     4 ||    35
Dodge: Dodged            |    84 |    11 ||    95
